 Dungeon Crawl Stone Soup version 0.20.1-1-g8b1a95d (console) character file.

5604 hilaritas the Geomancer (level 10, -1/61 HPs)
             Began as a Gargoyle Earth Elementalist on Dec 31, 2017.
             Was a Believer of Vehumet.
             Shot with a sling bullet by Joseph (13 damage)
             ... on level 9 of the Dungeon.
             The game lasted 00:32:30 (10361 turns).

hilaritas the Geomancer (GrEE)                     Turns: 10361, Time: 00:32:31

Health: -1/61      AC: 13    Str: 15    XL:     10   Next: 73%
Magic:  0/21       EV: 14    Int: 19    God:    Vehumet [**....]
Gold:   311        SH:  0    Dex: 10    Spells: 3/24 levels left

rFire    + . .     SeeInvis +   r - +5 short sword {freeze, rPois rN++ MR+}
rCold    + . .     Gourm    .   (no shield)
rNeg     + + +     Faith    .   E - +1 robe {rN+}
rPois    ∞         Spirit   .   n - +2 helmet
rElec    +         Reflect  .   (no cloak)
rCorr    .         Harm     .   (no gloves)
MR       +....                  (no boots)
Stlth    +++.......             j - amulet of magic regeneration
Regen    0.2/turn               k - ring of protection from fire
MPRegen  0.3/turn               B - ring "Iffirghoa" {*Drain rC+ Str+3 SInv Stlth+}

@: no status effects
A: negative energy resistance 1, electricity resistance, unbreathing,
petrification resistance, rot immunity, AC +7
a: Renounce Religion


You were on level 9 of the Dungeon.
You worshipped Vehumet.
Vehumet was pleased with you.
You were very hungry.

You visited 1 branch of the dungeon, and saw 9 of its levels.
You also visited: Sewer.

You collected 311 gold pieces.

Inventory:

Hand Weapons
 r - the +5 short sword of Taghu (weapon) {freeze, rPois rN++ MR+}
   (You found it on level 8 of the Dungeon)

   It has been specially enchanted to freeze those struck by it, causing extra
   injury to most foes and up to half again as much damage against particularly
   susceptible opponents.
   It can also slow down cold-blooded creatures.
   It protects you from poison.
   It greatly protects you from negative energy.
   It affects your resistance to hostile enchantments.
 y - a +5 dagger
 D - a +4 scimitar of flaming
Missiles
 b - 147 stones (quivered)
 h - 256 arrows
Armour
 n - a +2 helmet (worn)
 E - a +1 robe of positive energy (worn)
Jewellery
 j - an amulet of magic regeneration (around neck)
 k - a ring of protection from fire (left hand)
 t - an uncursed ring of flight
 B - the ring "Iffirghoa" (right hand) {*Drain rC+ Str+3 SInv Stlth+}
   (You found it on level 7 of the Dungeon)

   [ring of protection from cold]

   It affects your strength (+3).
   It protects you from cold.
   It lets you see invisible.
   It causes draining when unequipped.
   It makes you more stealthy.
Wands
 g - a wand of digging (3/24)
 F - a wand of scattershot (6/9)
Scrolls
 m - 2 scrolls of remove curse
 o - 2 scrolls of teleportation
 u - a scroll of blinking
Potions
 i - a potion of haste
 l - a potion of cancellation
 p - 5 potions of curing
 q - 2 potions of magic
 s - 2 potions of heal wounds
 v - a potion of mutation
 w - 2 potions of might
 A - a potion of flight
 G - a potion of brilliance
Books
 c - a book of Callings

   Spells                             Type                      Level
   a - Summon Small Mammal            Summoning                    1
   b - Call Imp                       Summoning                    2
   c - Call Canine Familiar           Summoning                    3
   d - Summon Guardian Golem          Hexes/Summoning              3
   e - Summon Lightning Spire         Summoning/Air                4
   f - Summon Ice Beast               Ice/Summoning                4
 e - a book of Geomancy

   Spells                             Type                      Level
   a - Sandblast                      Earth                        1
   b - Passwall                       Transmutation/Earth          2
   c - Stone Arrow                    Conjuration/Earth            3
   d - Petrify                        Transmutation/Earth          4
   e - Lee's Rapid Deconstruction     Earth                        5
 z - a book of Misfortune

   Spells                             Type                      Level
   a - Confusing Touch                Hexes                        1
   b - Confuse                        Hexes                        3
   c - Gell's Gravitas                Translocation                3
   d - Petrify                        Transmutation/Earth          4
   e - Metabolic Englaciation         Hexes/Ice                    5
   f - Yara's Violent Unravelling     Hexes/Transmutation          5
Comestibles
 a - 14 royal jellies
 d - 7 bread rations
 f - 7 meat rations
 x - 8 fruits
 C - a chunk of flesh


   Skills:
 * Level 6.8 Fighting
 * Level 5.0 Dodging
 - Level 2.1 Stealth
 * Level 7.6 Spellcasting
 - Level 7.4 Conjurations
 * Level 0.3 Summonings
   Level 0.7 Transmutations
 - Level 10.0 Earth Magic


You had 3 spell levels left.
You knew the following spells:

 Your Spells              Type           Power        Failure   Level  Hunger
a - Sandblast             Erth           #####.       1%          1    None
b - Stone Arrow           Conj/Erth      #####.       1%          3    #......
c - Lee's Rapid Deconstr  Erth           #####.....   4%          5    #####..
d - Shock                 Conj/Air       ###.         1%          1    None
e - Call Canine Familiar  Summ           #.......     24%         3    #......
f - Summon Ice Beast      Ice/Summ       #.......     65%         4    ###....
g - Summon Lightning Spi  Summ/Air       #.......     65%         4    ###....


Dungeon Overview and Level Annotations

Branches:
Dungeon (9/15)             Temple (0/1) D:7            Lair (0/6) D:8
    Orc: D:9-12

Altars:
Dithmenos
Elyvilon
Fedhas
Gozag
Hepliaklqana
Trog
Vehumet
Zin
The Shining One

Annotations:
D:9 Joseph


Innate Abilities, Weirdness & Mutations

You are resistant to torment.
Your stone body is resilient. (AC +7)
You are immune to poison.
You resist negative energy. (rN+)
You are resistant to electric shocks. (rElec)
You can survive without breathing.
You are immune to petrification.
You are immune to rotting.


Message History

The sling bullet hits you! The sling bullet freezes you.
* * * LOW HITPOINT WARNING * * *
Casting: Stone Arrow
Confirm with . or Enter, or press ? or * to list all spells.
Aiming: Stone Arrow
Press: ? - help, Shift-Dir - straight line, f/p - Joseph
Aim: Joseph, wielding a hunting sling of freezing and wearing a leather armour (severely wounded)
The stone arrow hits Joseph.
Joseph is severely wounded.
Joseph shoots a sling bullet.
The sling bullet misses you.
Casting: Stone Arrow
Confirm with . or Enter, or press ? or * to list all spells.
Aiming: Sandblast
Press: ? - help, Shift-Dir - straight line, f/p - Joseph
Aim: Joseph, wielding a hunting sling of freezing and wearing a leather armour (severely wounded)
The blast of sand hits Joseph.
Joseph is almost dead.
b - 147 stones Joseph shoots a sling bullet.
The sling bullet hits you!
You die...

#......# .# #......# ..
#......##### .#
#......'...########.#####
#......###...............
##......# ########..#####
.#......# #.## .'......#
##.# ##......# #.)#
#####'## ##).# #...#
#@)## ####+#### #.##
#........ #'# '........
..@ #........ ...
#<....).. #.... #........
#.... #........ +...<.
#........ #########


You could see Joseph.

Vanquished Creatures
  Erica (D:8)
  The ghost of Ymberto the Basher, a novice HuFi of Okawaru (D:8)
  Prince Ribbit (D:8)
  The ghost of Pedason the Chucker, an amateur KoHu (D:4)
  2 wyverns
  2 hungry ghosts
  The ghost of Pedason the Insei, an amateur DsTm of Cheibriados (D:3)
  An ice beast (D:8)
  A sky beast (D:8)
  A black bear (D:8)
  4 ogres
  A phantom (D:5)
  2 centaurs (D:7)
  3 big kobolds
  7 bullfrogs
  2 scorpions
  4 howler monkeys
  2 bullfrog zombies
  3 crimson imps
  3 jellies (D:8)
  7 hounds
  5 orc priests
  2 bullfrog skeletons (D:4)
  7 orc wizards
  Jessica (D:3)
  3 centaur skeletons
  An iguana (D:7)
  2 worker ants
  A hound zombie (D:5)
  2 worker ant zombies (D:6)
  Robin (D:2)
  13 adders
  5 gnolls
  16 oozes
  5 worms
  2 dart slugs
  14 leopard geckos
  27 orcs
  11 ball pythons (Sewer)
  4 bats
  12 giant cockroaches
  13 goblins
  10 hobgoblins
  15 jackals
  15 kobolds
  2 quokkas
  15 frilled lizards
  10 rats
264 creatures vanquished.

Vanquished Creatures (others)
  2 fungi (D:8)
2 creatures vanquished.

Grand Total: 266 creatures vanquished

Notes
Turn   | Place    | Note
-------+----------+-------------------------------------------
     0 | D:1      | hilaritas the Gargoyle Earth Elementalist began the quest for the Orb.
     0 | D:1      | Reached XP level 1. HP: 10/10 MP: 3/3
   294 | D:1      | Reached skill level 4 in Earth Magic
   319 | D:1      | Reached XP level 2. HP: 8/15 MP: 0/5
   616 | D:1      | Reached XP level 3. HP: 20/20 MP: 2/6
   733 | D:1      | Learned a level 3 spell: Stone Arrow
  1155 | D:1      | Noticed a scorpion
  1162 | D:1      | Killed a scorpion
  1162 | D:1      | Reached skill level 1 in Fighting
  1162 | D:1      | Reached skill level 1 in Conjurations
  1162 | D:1      | Reached skill level 5 in Earth Magic
  1162 | D:1      | Reached XP level 4. HP: 25/25 MP: 0/7
  1542 | D:2      | Reached XP level 5. HP: 29/29 MP: 4/8
  1575 | D:2      | Noticed Robin
  1582 | D:2      | Killed Robin
  2498 | D:2      | Learned a level 5 spell: Lee's Rapid Deconstruction
  2656 | D:3      | Found a glowing drain.
  2661 | Sewer    | Entered a sewer
  3369 | Sewer    | Reached XP level 6. HP: 35/35 MP: 3/10
  4249 | D:3      | Found a glowing golden altar of the Shining One.
  4340 | D:3      | Noticed Pedason's ghost (amateur DsTm)
  4354 | D:3      | Killed Pedason's ghost
  4354 | D:3      | Reached XP level 7. HP: 40/40 MP: 0/13
  4476 | D:3      | Noticed Jessica
  4481 | D:3      | Killed Jessica
  4984 | D:4      | Reached skill level 5 in Spellcasting
  5043 | D:4      | Noticed Pedason's ghost (amateur KoHu)
  5063 | D:4      | Killed Pedason's ghost
  5063 | D:4      | Reached XP level 8. HP: 44/46 MP: 0/16
  5070 | D:4      | HP: 1/46 [ogre/giant club (13)]
  5709 | D:4      | Reached skill level 6 in Earth Magic
  6055 | D:4      | Found an opulent altar of Gozag.
  6342 | D:5      | Entered Level 5 of the Dungeon
  6817 | D:5      | Reached skill level 7 in Earth Magic
  7158 | D:5      | Reached skill level 5 in Conjurations
  7161 | D:5      | Reached XP level 9. HP: 52/52 MP: 10/18
  7293 | D:5      | Found a white marble altar of Elyvilon.
  7402 | D:6      | Found a blossoming altar of Fedhas.
  7646 | D:6      | Found a shadowy altar of Dithmenos.
  7697 | D:6      | Reached skill level 8 in Earth Magic
  8029 | D:7      | Found a radiant altar of Vehumet.
  8041 | D:7      | Became a worshipper of Vehumet
  8052 | D:7      | Reached skill level 9 in Earth Magic
  8443 | D:7      | Reached skill level 5 in Fighting
  8643 | D:7      | Found a hazy altar of Hepliaklqana.
  8671 | D:7      | Found a staircase to the Ecumenical Temple.
  8706 | D:7      | Reached skill level 10 in Earth Magic
  8868 | D:7      | Got a coiled platinum ring
  8870 | D:7      | Identified the ring "Iffirghoa" {*Drain rC+ Str+3 SInv Stlth+} (You found it on level 7 of the Dungeon)
  9059 | D:8      | Got a crystal short sword
  9060 | D:8      | Identified the +5 short sword of Taghu {freeze, rPois rN++ MR+} (You found it on level 8 of the Dungeon)
  9106 | D:8      | Reached * piety under Vehumet
  9106 | D:8      | Offered knowledge of Shock by Vehumet.
  9109 | D:8      | Learned a level 1 spell: Shock
  9148 | D:8      | Found a glowing silver altar of Zin.
  9162 | D:8      | Reached XP level 10. HP: 47/60 MP: 11/19
  9253 | D:8      | Noticed Ymberto's ghost (novice HuFi)
  9267 | D:8      | Killed Ymberto's ghost
  9401 | D:8      | Found a staircase to the Lair.
  9424 | D:8      | Noticed Prince Ribbit
  9428 | D:8      | Killed Prince Ribbit
  9466 | D:8      | Noticed Erica
  9475 | D:8      | Killed Erica
 10056 | D:8      | Found a bloodstained altar of Trog.
 10197 | D:8      | Learned a level 3 spell: Call Canine Familiar
 10202 | D:8      | Learned a level 4 spell: Summon Ice Beast
 10207 | D:8      | Learned a level 4 spell: Summon Lightning Spire
 10345 | D:9      | Offered knowledge of Sting by Vehumet.
 10345 | D:9      | Reached ** piety under Vehumet
 10345 | D:9      | Reached skill level 5 in Dodging
 10354 | D:9      | Noticed Joseph
 10361 | D:9      | Shot with a sling bullet by Joseph

Skill      XL: |  1  2  3  4  5  6  7  8  9 10 |
---------------+-------------------------------+-----
Earth Magic    | 4 5 7 10 | 10.0
Fighting       | 1 2 3 4 5 6 |  6.8
Conjurations   | 1 2 3 5 6 7 |  7.4
Dodging        | 2 3 4 5 |  5.0
Spellcasting   | 4 5 6 7 |  7.6
Stealth        | |  2.1
Summonings     | |  0.3
Transmutations | |  0.7

Action                   |  1- 3 |  4- 6 |  7- 9 | 10-12 || total
-------------------------+-------+-------+-------+-------++-------
Melee: Unarmed           |    10 |       |       |       ||    10
       Dagger            |       |   118 |    49 |       ||   167
       Short sword       |       |       |       |     6 ||     6
Throw: Stone             |       |     1 |       |     1 ||     2
 Cast: Sandblast         |    30 |    43 |   105 |    22 ||   200
       Stone Arrow       |       |    72 |    99 |    38 ||   209
       Lee's Rapid Decon |       |       |     7 |     5 ||    12
  Use: Scroll            |     2 |     3 |     5 |     6 ||    16
       Potion            |       |       |     3 |       ||     3
  Eat: Chunk             |       |    19 |    21 |     5 ||    45
Armor: Robe              |     5 |    66 |    47 |    12 ||   130
Dodge: Dodged            |    10 |    95 |    98 |    14 ||   217
